SL
WIZARDING AC RAVENCLAWS @ VANCOUVER GREY WOLVES
09/16/2019
 
TOP OF THE 1ST
Wizarding AC Ravenclaws batting - Pitching for Vancouver Grey Wolves : RHP Roderick Rhodes
Pitching: RHP Roderick Rhodes
Batting: RHB Michael Montgomery 0-0: Fly out, F9 (Line Drive, 9M)
Batting: RHB Matt Terry 0-0: Ball
1-0: Swinging Strike
1-1: Foul Ball, location: 2F
1-2: Ball
2-2: Foul Ball, location: 2F
2-2: Fly out, F6 (Popup, 6)
Batting: LHB George Valentine 0-0: Called Strike
0-1: Foul Ball, location: 2F
0-2: Foul Ball, location: 2F
0-2: Strikes out looking
Top of the 1st over - 0 run(s), 0 hit(s), 0 error(s), 0 left on base; Wizarding AC 0 - Vancouver 0
BOTTOM OF THE 1ST
Vancouver Grey Wolves batting - Pitching for Wizarding AC Ravenclaws : RHP Connor Dale
Pitching: RHP Connor Dale
Batting: SHB Gregg Wagner 0-0: Ball
1-0: Ball
2-0: Ball
3-0: Foul Ball, location: 2F
3-1: SINGLE (Flyball, 8LS)
Batting: RHB John Huff 0-0: Ball
1-0: Ball
2-0: Grounds into double play, 6-4-3 (Groundball, 6)
Batting: RHB Luis Muñóz 0-0: Ball
1-0: Ball
2-0: Ground out 4-3 (Groundball, 4M)
Bottom of the 1st over - 0 run(s), 1 hit(s), 0 error(s), 0 left on base; Wizarding AC 0 - Vancouver 0
TOP OF THE 2ND
Wizarding AC Ravenclaws batting - Pitching for Vancouver Grey Wolves : RHP Roderick Rhodes
Batting: LHB Walter Kirk 0-0: Called Strike
0-1: Ball
1-1: Foul Ball, location: 2F
1-2: Foul Ball, location: 2F
1-2: Strikes out swinging
Batting: RHB Pablo León 0-0: Ball
1-0: Ball
2-0: Ball
3-0: Base on Balls
Batting: RHB Cole Shaffer 0-0: Ball
1-0: Foul Ball, location: 2F
1-1: Ball
2-1: Called Strike
2-2: Ball
3-2: Fielders Choice at 2nd, 3-6 (Groundball, 3)
Batting: RHB Juan Torres 0-0: Called Strike
0-1: Ball
1-1: Ground out 2-3 (Groundball, 2R)
Top of the 2nd over - 0 run(s), 0 hit(s), 0 error(s), 1 left on base; Wizarding AC 0 - Vancouver 0
BOTTOM OF THE 2ND
Vancouver Grey Wolves batting - Pitching for Wizarding AC Ravenclaws : RHP Connor Dale
Batting: RHB Bertrand Sunter 0-0: Called Strike
0-1: Ball
1-1: SINGLE (Groundball, 6MD)
Batting: RHB Greg Robinson 0-0: Ball
1-0: Ball
2-0: Swinging Strike
2-1: TRIPLE (Line Drive, 9D)
Bertrand Sunter scores
Batting: LHB David Hubbard 0-0: Ball
1-0: Foul Ball, location: 2F
1-1: Ball
2-1: Ball
3-1: Base on Balls
Batting: RHB Forest Simmons 0-0: Swinging Strike
0-1: Ball
1-1: Ball
2-1: Fly out, F7 (Line Drive, 78M)
Runner from 3rd tags up, SCORES, no throw
Batting: SHB Dustin Tucker 0-0: Swinging Strike
0-1: Called Strike
0-2: Ball
1-2: Ball
2-2: Ball
3-2: Ground out 6-3 (Groundball, 6)
David Hubbard to second
Batting: RHB Roderick Rhodes 0-0: Called Strike
0-1: Called Strike
0-2: Foul Ball, location: 2F
0-2: Strikes out swinging
Bottom of the 2nd over - 2 run(s), 2 hit(s), 0 error(s), 1 left on base; Wizarding AC 0 - Vancouver 2
TOP OF THE 3RD
Wizarding AC Ravenclaws batting - Pitching for Vancouver Grey Wolves : RHP Roderick Rhodes
Batting: LHB Jason Powell 0-0: Called Strike
0-1: Ground out 4-3 (Groundball, 4)
Batting: RHB Connor Dale 0-0: Ball
1-0: Ball
2-0: Foul Ball, location: 2F
2-1: Called Strike
2-2: Ball
3-2: Strikes out looking
Batting: RHB Michael Montgomery 0-0: Called Strike
0-1: SINGLE (Line Drive, 4MD)
Batting: RHB Matt Terry 0-0: Called Strike
0-1: Ball
1-1: Called Strike
1-2: Ball
2-2: SINGLE (Flyball, 89S)
Michael Montgomery to second
Runner from 2nd tries for 3rd, SAFE, throw made to third
Batting: LHB George Valentine 0-0: Foul Ball, location: 2F
0-1: Swinging Strike
0-2: Strikes out swinging
Top of the 3rd over - 0 run(s), 2 hit(s), 0 error(s), 2 left on base; Wizarding AC 0 - Vancouver 2
BOTTOM OF THE 3RD
Vancouver Grey Wolves batting - Pitching for Wizarding AC Ravenclaws : RHP Connor Dale
Batting: SHB Gregg Wagner 0-0: Ball
1-0: Ground out 4-3 (Groundball, 4)
Batting: RHB John Huff 0-0: Called Strike
0-1: Foul Ball, location: 2F
0-2: Foul Ball, location: 2F
0-2: DOUBLE (Line Drive, 7LM)
Batting: RHB Luis Muñóz 0-0: Ball
1-0: Ground out 6-3 (Groundball, 6)
John Huff to third
Batting: RHB Bertrand Sunter 0-0: Called Strike
0-1: Fly out, F8 (Flyball, 8RM)
Bottom of the 3rd over - 0 run(s), 1 hit(s), 0 error(s), 1 left on base; Wizarding AC 0 - Vancouver 2
TOP OF THE 4TH
Wizarding AC Ravenclaws batting - Pitching for Vancouver Grey Wolves : RHP Roderick Rhodes
Batting: LHB Walter Kirk 0-0: Called Strike
0-1: Ball
1-1: Ball
2-1: SINGLE (Line Drive, 4M)
Batting: RHB Pablo León 0-0: Reached on error, E6 (Groundball, 6)
Walter Kirk to second
Batting: RHB Cole Shaffer 0-0: Ball
1-0: Called Strike
1-1: Called Strike
1-2: Ball
2-2: Grounds into double play, 4-6-3 (Groundball, 4)
Walter Kirk to third
Batting: RHB Juan Torres 0-0: Foul Ball, location: 2F
0-1: Ball
1-1: Ball
2-1: Ground out 5-3 (Groundball, 5)
Top of the 4th over - 0 run(s), 1 hit(s), 1 error(s), 1 left on base; Wizarding AC 0 - Vancouver 2
BOTTOM OF THE 4TH
Vancouver Grey Wolves batting - Pitching for Wizarding AC Ravenclaws : RHP Connor Dale
Batting: RHB Greg Robinson 0-0: Ball
1-0: Ball
2-0: SINGLE (Line Drive, 7LS)
Batting: LHB David Hubbard 0-0: Swinging Strike
0-1: SINGLE (Groundball, 4M)
Greg Robinson to second
Runner from 2nd tries for 3rd, SAFE, no throw or cutoff
Batting: RHB Forest Simmons 0-0: Ball
1-0: Ball
2-0: Called Strike
2-1: Called Strike
2-2: Foul Ball, location: 2F
2-2: Ball
3-2: SINGLE (Line Drive, 56)
Greg Robinson scores
David Hubbard to second
Batting: SHB Dustin Tucker 0-0: Swinging Strike
0-1: Foul Ball, location: 2F
0-2: Strikes out looking
Batting: RHB Roderick Rhodes 0-0: Ball
1-0: Foul Ball, location: 2F
1-1: Ball
David Hubbard steals 3rd base
Forest Simmons to second
2-1: Ground out 4-3 (Groundball, 4)
David Hubbard scores
Forest Simmons to third
Batting: SHB Gregg Wagner 0-0: Called Strike
0-1: Foul Ball, location: 2F
0-2: Foul Ball, location: 2F
0-2: DOUBLE (Groundball, 3D)
Forest Simmons scores
Batting: RHB John Huff 0-0: Ball
1-0: Ball
2-0: Called Strike
2-1: Swinging Strike
2-2: Strikes out swinging
Bottom of the 4th over - 3 run(s), 4 hit(s), 0 error(s), 1 left on base; Wizarding AC 0 - Vancouver 5
TOP OF THE 5TH
Wizarding AC Ravenclaws batting - Pitching for Vancouver Grey Wolves : RHP Roderick Rhodes
Batting: LHB Jason Powell 0-0: Called Strike
0-1: Fly out, F6 (Popup, 7LS)
Pinch Hitting: RHB Pedro Cruz 0-0: Ball
1-0: Ball
2-0: SOLO HOME RUN (Flyball, 89XD), Distance : 375 ft
Batting: RHB Michael Montgomery 0-0: Ball
1-0: Called Strike
1-1: Ball
2-1: Swinging Strike
2-2: Foul Ball, location: 2F
2-2: Strikes out swinging
Batting: RHB Matt Terry 0-0: Called Strike
0-1: Ball
1-1: Ball
2-1: Foul Ball, location: 2F
2-2: Ground out 6-3 (Groundball, 6)
Top of the 5th over - 1 run(s), 1 hit(s), 0 error(s), 0 left on base; Wizarding AC 1 - Vancouver 5
BOTTOM OF THE 5TH
Vancouver Grey Wolves batting - Pitching for Wizarding AC Ravenclaws : RHP Connor Dale
Pitching: LHP Gustavo Domínguez
Batting: RHB Luis Muñóz 0-0: Ball
1-0: SINGLE (Line Drive, 7LS)
Batting: RHB Bertrand Sunter 0-0: Ball
1-0: Ball
2-0: Ball
3-0: Swinging Strike
3-1: Base on Balls
Luis Muñóz to second
Batting: RHB Greg Robinson 0-0: Ball
1-0: Ball
2-0: Called Strike
2-1: Swinging Strike
2-2: Ball
3-2: Foul Ball, location: 2F
3-2: Base on Balls
Luis Muñóz to third
Bertrand Sunter to second
Batting: LHB David Hubbard 0-0: Ball
1-0: Grounds into fielders choice 1-2 (Groundball, 2R)
Bertrand Sunter to third
Greg Robinson to second
Batting: RHB Forest Simmons 0-0: Grounds into double play, 3-6-4 (Groundball, 34)
Bottom of the 5th over - 0 run(s), 1 hit(s), 0 error(s), 2 left on base; Wizarding AC 1 - Vancouver 5
TOP OF THE 6TH
Wizarding AC Ravenclaws batting - Pitching for Vancouver Grey Wolves : RHP Roderick Rhodes
Batting: LHB George Valentine 0-0: Called Strike
0-1: Ball
1-1: Foul Ball, location: 2F
1-2: Ball
2-2: Strikes out swinging
Batting: LHB Walter Kirk 0-0: SINGLE (Line Drive, 8RS)
Batting: RHB Pablo León 0-0: Called Strike
0-1: Ball
1-1: Foul Ball, location: 2F
1-2: Strikes out swinging
Batting: RHB Cole Shaffer 0-0: Swinging Strike
0-1: Ball
1-1: Foul Ball, location: 2F
1-2: Strikes out swinging
Top of the 6th over - 0 run(s), 1 hit(s), 0 error(s), 1 left on base; Wizarding AC 1 - Vancouver 5
BOTTOM OF THE 6TH
Vancouver Grey Wolves batting - Pitching for Wizarding AC Ravenclaws : LHP Gustavo Domínguez
Batting: SHB Dustin Tucker 0-0: SINGLE (Line Drive, 89M)
Pinch Hitting: RHB Dave Knight 0-0: Ball
1-0: Fielders Choice at 2nd, 6-4 (Groundball, 6M)
Batting: SHB Gregg Wagner 0-0: Foul Ball, location: 2F
0-1: Called Strike
0-2: Ball
1-2: Ball
2-2: Grounds into double play, 6-4-3 (Groundball, 6)
Bottom of the 6th over - 0 run(s), 1 hit(s), 0 error(s), 0 left on base; Wizarding AC 1 - Vancouver 5
TOP OF THE 7TH
Wizarding AC Ravenclaws batting - Pitching for Vancouver Grey Wolves : RHP Roderick Rhodes
Pitching: RHP Dave Hindman
Batting: RHB Juan Torres 0-0: Ball
1-0: Ball
2-0: Called Strike
2-1: Fly out, F2 (Popup, 2RF)
Batting: LHB Jason Powell 0-0: Ball
1-0: Ball
2-0: Called Strike
2-1: Ball
3-1: Foul Ball, location: 2F
3-2: Strikes out swinging
Pinch Hitting: RHB Greg Keys 0-0: Ground out 5-3 (Groundball, 5D)
Top of the 7th over - 0 run(s), 0 hit(s), 0 error(s), 0 left on base; Wizarding AC 1 - Vancouver 5
BOTTOM OF THE 7TH
Vancouver Grey Wolves batting - Pitching for Wizarding AC Ravenclaws : LHP Gustavo Domínguez
Pitching: LHP Anthony Correa
Batting: RHB John Huff 0-0: Called Strike
0-1: Ball
1-1: SINGLE (Groundball, 13) (infield hit)
Batting: RHB Luis Muñóz 0-0: Ball
1-0: Ball
2-0: Ball
3-0: Called Strike
3-1: Swinging Strike
3-2: Foul Ball, location: 2F
3-2: Ground out 5-3 (Groundball, 15S)
John Huff to second
Batting: RHB Bertrand Sunter 0-0: Ball
1-0: Ball
2-0: Ball
3-0: Called Strike
3-1: DOUBLE (Line Drive, 6M)
John Huff scores
Pitching: RHP Paul Moore
Batting: RHB Greg Robinson 0-0: Called Strike
0-1: Ball
1-1: Ball
2-1: Ball
3-1: Base on Balls
Batting: LHB David Hubbard 0-0: Ball
1-0: Swinging Strike
1-1: 3-RUN HOME RUN (Flyball, 89XD), Distance : 378 ft
Pitching: RHP Victor Burgess
Batting: RHB Forest Simmons 0-0: Called Strike
0-1: Swinging Strike
0-2: Strikes out looking
Batting: SHB Dustin Tucker 0-0: Called Strike
0-1: Ball
1-1: Swinging Strike
1-2: Ball
2-2: DOUBLE (Line Drive, 9LS)
Pinch Hitting: LHB Felipe López 0-0: Ball
1-0: Foul Ball, location: 2F
1-1: Called Strike
1-2: Ball
2-2: Fly out, F6 (Line Drive, 6)
Bottom of the 7th over - 4 run(s), 4 hit(s), 0 error(s), 1 left on base; Wizarding AC 1 - Vancouver 9
TOP OF THE 8TH
Wizarding AC Ravenclaws batting - Pitching for Vancouver Grey Wolves : RHP Dave Hindman
Pitching: RHP David Phillips
Batting: RHB Michael Montgomery 0-0: Ball
1-0: Foul Ball, location: 2F
1-1: Ground out 6-3 (Groundball, 6)
Batting: RHB Matt Terry 0-0: Ball
1-0: Ball
2-0: Swinging Strike
2-1: Ball
3-1: Called Strike
3-2: Ground out 3-1 (Groundball, 3L)
Batting: LHB George Valentine 0-0: Ball
1-0: Foul Ball, location: 2F
1-1: Ball
2-1: Ball
3-1: Base on Balls
Batting: LHB Walter Kirk 0-0: Ball
1-0: Foul Ball, location: 2F
1-1: SINGLE (Groundball, 34D)
George Valentine to second
Runner from 2nd tries for 3rd, SAFE, throw made to third
Batting: RHB Pablo León 0-0: Ball
1-0: Ball
2-0: Foul Ball, location: 2F
2-1: Swinging Strike
2-2: Strikes out swinging
Top of the 8th over - 0 run(s), 1 hit(s), 0 error(s), 2 left on base; Wizarding AC 1 - Vancouver 9
BOTTOM OF THE 8TH
Vancouver Grey Wolves batting - Pitching for Wizarding AC Ravenclaws : RHP Victor Burgess
Batting: SHB Gregg Wagner 0-0: Ball
1-0: Ball
2-0: Ball
3-0: Called Strike
3-1: Called Strike
3-2: Ground out 4-3 (Groundball, 4)
Batting: RHB John Huff 0-0: Called Strike
0-1: Ball
1-1: Hit by Pitch
Batting: RHB Luis Muñóz 0-0: Called Strike
0-1: Grounds into double play, 6-4-3 (Groundball, 6M)
Bottom of the 8th over - 0 run(s), 0 hit(s), 0 error(s), 0 left on base; Wizarding AC 1 - Vancouver 9
TOP OF THE 9TH
Wizarding AC Ravenclaws batting - Pitching for Vancouver Grey Wolves : RHP David Phillips
Batting: RHB Cole Shaffer 0-0: Called Strike
0-1: Ball
1-1: Called Strike
1-2: Ball
2-2: Foul Ball, location: 2F
2-2: Foul Ball, location: 2F
2-2: Foul Ball, location: 2F
2-2: Ball
3-2: DOUBLE (Line Drive, 89S)
Batting: RHB Juan Torres 0-0: Called Strike
0-1: Ball
1-1: Ball
2-1: Swinging Strike
2-2: Ground out U3 (Groundball, 3S)
Cole Shaffer to third
Pitching: LHP Pat Horton
Batting: LHB Jason Powell 0-0: Ball
1-0: Called Strike
1-1: Ball
2-1: Ball
3-1: Base on Balls
Pinch Hitting: LHB Dave Lee 0-0: Ground out U3 (Groundball, 3S)
Cole Shaffer scores
Jason Powell to second
Batting: RHB Michael Montgomery 0-0: Ball
1-0: Swinging Strike
1-1: Ball
2-1: Swinging Strike
2-2: Strikes out swinging
Top of the 9th over - 1 run(s), 1 hit(s), 0 error(s), 1 left on base; Wizarding AC 2 - Vancouver 9
This league is powered by Out of the Park Baseball, the baseball management simulation game for PC, Mac and Linux
Saturday, July 25th, 2015 - OOTP Baseball 15.6 Build 34